 Dungeon Crawl Stone Soup version 0.19-a0-1662-gb81896f (webtiles) character file.

141 Banto the Slasher (level 5, -2/34 HPs)
             Began as a High Elf Skald on Sept 21, 2016.
             Slain by Ijyb
             ... wielding a +8 club
              (7 damage)
             ... on level 3 of the Dungeon.
             The game lasted 00:03:07 (2788 turns).

Banto the Slasher (High Elf Skald)                  Turns: 2788, Time: 00:03:07

Health: -2/34      AC:  5    Str: 11    XL:     5   Next: 3%
Magic:  0/9        EV: 13    Int: 15    God:
Gold:   26         SH:  0    Dex: 16    Spells: 1 memorised, 7 levels left

rFire  . . .     SeeInvis .     a - +0 falchion
rCold  . . .     Gourm    .     b - +0 leather armour
rNeg   . . .     Faith    .     (no shield)
rPois  .         Spirit   +     j - +0 helmet
rElec  .         Dismiss  .     (no cloak)
rCorr  .         Reflect  .     l - +0 pair of gloves
MR     .....     Harm     .     (no boots)
Stlth  +.........               o - amulet of guardian spirit
                                (no ring)
                                (no ring)

@: infused (expiring)
A: no striking features
a: no special abilities


You were on level 3 of the Dungeon.
You were not hungry.

You visited 1 branch of the dungeon, and saw 3 of its levels.

You collected 26 gold pieces.

Inventory:

Hand Weapons
 a - a +0 falchion (weapon)
Armour
 b - a +0 leather armour (worn)
 j - a +0 helmet (worn)
 l - a +0 pair of gloves (worn)
Jewellery
 o - an amulet of guardian spirit (around neck)
Potions
 e - a potion of flight
 g - a potion of might {unknown}
 h - a potion of invisibility {unknown}
 i - a potion of resistance {unknown}
 m - a potion of brilliance {unknown}
 n - a potion of haste {unknown}
 p - a potion of cancellation {unknown}
Books
 c - a book of Battle

   Spells                             Type                      Level
   a - Infusion                       Charms                       1
   b - Shroud of Golubria             Charms/Translocation         2
   c - Song of Slaying                Charms                       2
   d - Spectral Weapon                Hexes/Charms                 3
   e - Regeneration                   Charms/Necromancy            3
Comestibles
 d - 2 bread rations
 f - a meat ration
 k - a chunk of flesh


   Skills:
 - Level 2.0 Fighting
 + Level 4.8 Long Blades
 - Level 0.8 Armour
 + Level 3.7 Dodging
 - Level 2.4 Spellcasting
 - Level 3.6 Charms


You had 7 spell levels left.
You knew the following spells:

 Your Spells              Type           Power        Failure   Level  Hunger
a - Infusion              Chrm           ##..         10%         1    #......


Dungeon Overview and Level Annotations

Branches:
Dungeon (3/15)

Altars:
Nemelex Xobeh

Annotations:
D:3 Ijyb


Message History

Ijyb misses you.
You barely miss Ijyb.
Ijyb is almost dead.
Your magical infusion is running out.
Ijyb hits you with an enchanted club!
* * * LOW HITPOINT WARNING * * *
You take 7 damage, and have 10/34 hp.
MASSIVE DAMAGE!!
You now have 1/9 mp.
You hit Ijyb but do no damage.
Ijyb is almost dead.
Ijyb hits you with an enchanted club!
* * * LOW HITPOINT WARNING * * *
You take 6 damage, and have 4/34 hp.
You now have 0/9 mp.
You hit Ijyb but do no damage.
Ijyb is almost dead.
Ijyb closely misses you.
You riposte.
You hit Ijyb but do no damage.
Ijyb is almost dead.
You barely miss Ijyb.
Ijyb is almost dead.
Ijyb hits you with an enchanted club!
You die...

#. ### ##. ..
... #.##..
..#.# ...##
##g..###
#.@....#
#...##..>#
#...## .
###..##
##..###...
.#######..<...#
.>.....<..#####
..##.......#
............#


You could see Ijyb.

Vanquished Creatures
  4 adders (D:2)
  4 gnolls (D:2)
  3 worms (D:2)
  2 dart slugs (D:2)
  3 leopard geckos
  7 bats
  2 giant cockroaches (D:2)
  6 goblins
  5 hobgoblins
  4 jackals (D:1)
  A ball python (D:1)
  5 frilled lizards
  A kobold (D:1)
  6 rats
53 creatures vanquished.

Notes
Turn   | Place    | Note
-------+----------+-------------------------------------------
     0 | D:1      | Banto the High Elf Skald began the quest for the Orb.
     0 | D:1      | Reached XP level 1. HP: 14/14 MP: 4/4
   355 | D:1      | Reached XP level 2. HP: 15/19 MP: 6/6
   406 | D:1      | Reached skill level 3 in Long Blades
  1583 | D:2      | Reached XP level 3. HP: 10/24 MP: 2/7
  1947 | D:2      | Found a sparkling altar of Nemelex Xobeh.
  1955 | D:2      | Reached skill level 4 in Long Blades
  2020 | D:2      | Reached XP level 4. HP: 9/29 MP: 0/8
  2595 | D:2      | Found a faded altar of an unknown god.
  2673 | D:2      | Reached XP level 5. HP: 32/34 MP: 7/9
  2767 | D:3      | Noticed Ijyb
  2788 | D:3      | Slain by Ijyb

Vault maps used:
D:1:      evilmike_arrival_rings, grunt_decor_cap
D:2:      nemelex_xobeh_ov_fountains_minmay, ecumenical_altar_2, first_bread,
          minmay_octomino_c4
D:3:      uniq_sigmund, uniq_iyjb

Skill      XL: |  1  2  3  4 |
---------------+-------------+-----
Long Blades    | 3 4 |  4.8
Dodging        | 2 3 |  3.7
Fighting       | |  2.0
Armour         | |  0.8
Spellcasting   | |  2.4
Charms         | |  3.6

Action                   |  1- 3 |  4- 6 || total
-------------------------+-------+-------++-------
Melee: Falchion          |   102 |   109 ||   211
 Cast: Infusion          |     8 |     5 ||    13
  Use: Scroll            |       |     4 ||     4
  Eat: Chunk             |     3 |     3 ||     6
Armor: Leather armour    |    18 |    27 ||    45
Dodge: Dodged            |    52 |    51 ||   103

Table legend:
 A = Turns spent in this place as a percentage of turns spent in the entire game.
 B = Non-inter-level travel turns spent in this place as a percentage of non-inter-level travel turns spent in the entire game.
 C = Inter-level travel turns spent in this place as a percentage of turns spent in this place.
 D = Turns resting spent in this place as a percentage of non-inter-level travel turns spent in this place.
 E = Turns spent auto-exploring this place as a percentage of non-inter-level travel turns spent in this place.
 F = Non-inter-level travel turns spent in this place divided by the number of levels of this place that you've seen.
                   A       B       C       D       E      F
               +-------+-------+-------+-------+-------+----------------------
         Total | 100.0 | 100.0 |   0.5 |   6.2 |  11.2 | 204.7
       Dungeon | 100.0 | 100.0 |   0.5 |   6.2 |  11.2 | 204.7
               +-------+-------+-------+-------+-------+----------------------

Table legend:
 A = Kills in this place as a percentage of kills in entire the game.
 B = Kills by you in this place as a percentage of kills by you in the entire game.
 C = Kills by friends in this place as a percentage of kills by friends in the entire game.
 D = Other kills in this place as a percentage of other kills in the entire game.
 E = Experience gained in this place as a percentage of experience gained in the entire game.
 F = Experience gained in this place divided by the number of levels of this place that you have seen.
                   A       B       C       D       E      F
               +-------+-------+-------+-------+-------+----------------------
         Total | 100.0 | 100.0 |  -nan |  -nan | 100.0 |  67.3
       Dungeon | 100.0 | 100.0 |  -nan |  -nan | 100.0 |  67.3
               +-------+-------+-------+-------+-------+----------------------
